 Dungeon Crawl Stone Soup version 0.31.0-32-g396128a36d (webtiles) character file.

Game seed: 6333508099154226775

28 g2d2rocker the Trooper (level 3, 0/40 HPs)
             Began as an Oni Berserker on Apr 7, 2024.
             Was a Follower of Trog.
             Slain by an adder (2 damage)
             ... on level 2 of the Dungeon.
             The game lasted 00:05:00 (1374 turns).

g2d2rocker the Trooper (Oni Berserker)              Turns: 1374, Time: 00:05:01

Health: 0/40       AC:  3    Str: 23    XL:     3   Next: 12%
Magic:  3/3        EV: 10    Int:  8    God:    Trog [*.....]
Gold:   11         SH:  0    Dex:  8    Spells: 2/2 levels left

rFire   . . .        a - +0 spear
rCold   . . .        (no shield)
rNeg    . . .        b - +0 animal skin
rPois   .            (helmet restricted)
rElec   .            (no cloak)
rCorr   .            (gloves unavailable)
SInv    .            (boots unavailable)
Will    .....        (no amulet)
Stlth   +            (no ring)
HPRegen 0.26/turn    (no ring)
MPRegen 0.08/turn

%: no passive effects
@: no status effects
A: large, unfitting armour, horns 1, tough skin 1, double potion healing,
drunken brawling
a: Renounce Religion, Berserk


You were on level 2 of the Dungeon.
You worshipped Trog.
Trog was aware of your devotion.
You visited 1 branch of the dungeon, and saw 2 of its levels.

You collected 11 gold pieces.

Inventory:

Hand Weapons
 a - a +0 spear (weapon)
 k - a +0 short sword
Missiles
 d - 14 stones (quivered)
Armour
 b - a +0 animal skin (worn)
 f - a +0 ring mail
 h - an orb of mayhem
 m - a +0 chain mail
Magical Staves
 n - a staff of cold
Scrolls
 c - a scroll of blinking {unknown}
 e - a scroll of identify {unknown}
 i - a scroll of acquirement {unknown}
 j - a scroll of noise {unknown}
 l - 2 scrolls of teleportation {unknown}
Potions
 g - a potion of haste {unknown}


   Skills:
 + Level 4.6 Fighting
 + Level 3.3 Polearms
 + Level 3.1 Dodging
 + Level 0.1 Stealth


You had 2 spell levels left.
You didn't know any spells.
Your spell library contained the following spells:

 Spells                   Type           Power      Damage    Failure   Level
 Ensorcelled Hibernation  Hex/Ice        0%         N/A       54%         2
 Passwall                 Erth           0%         N/A       78%         3
 Swiftness                Air            0%         N/A       78%         3


Dungeon Overview and Level Annotations

Branches:
Dungeon (2/15)

Altars:
Okawaru


Innate Abilities, Weirdness & Mutations

You are too large for most types of armour.
You have a pair of small horns on your head.
You have tough skin. (AC +1)
You gain doubled healing and magic from potions.
Whenever you drink a healing potion, you attack all around you.


Message History

You are no longer poisoned.
A nearby plant withers and dies.
The bat barely misses you. The adder closely misses you.
The quokka barely misses you.
You completely miss the adder.
The adder is moderately wounded.
The bat barely misses you. The adder closely misses you.
The quokka barely misses you.
You hit the adder but do no damage.
The adder is moderately wounded.
The adder bites you but does no damage. The bat closely misses you.
The quokka bites you.
You barely miss the adder.
The adder is moderately wounded.
The bat hits you but does no damage. The adder barely misses you.
The quokka closely misses you. The adder bites you.
* * * LOW HITPOINT WARNING * * *
You are poisoned.
The adder poisons you!
You barely miss the adder.
The adder is moderately wounded.
You feel sick. The bat hits you but does no damage. The quokka bites you.
* * * LOW HITPOINT WARNING * * *
The adder closely misses you.
You hit the adder but do no damage. Your headbutt misses the adder.
The adder is moderately wounded.
You feel sick. The bat closely misses you. The quokka bites you.
* * * LOW HITPOINT WARNING * * *
The adder barely misses you.
You hit the adder but do no damage.
The adder is moderately wounded.
You feel sick. The bat closely misses you. The quokka closely misses you.
The adder bites you but does no damage.
You closely miss the adder.
The adder is moderately wounded.
You feel sick.
You are no longer poisoned.
The bat barely misses you. The quokka bites you.
* * * LOW HITPOINT WARNING * * *
The adder bites you.
You die...

#...#...# # #...#...#
####
##.##...#...########...
.......................
..##...#...########...
#...#...# ###..
#...###♣.. #.##♣
##..b.P♣PP.♣ ###P♣.
♣@.♣♣.P♣♣♣..♣PP.P.
♣PP..Sr.....P PP..♣...
.P§..#...#.P... .. ♣.(♣
♣... ........P. ♣♣.♣
P§. ..._...#... .♣♣ ..
............ ♣P ♣ .
...#...#..... .. ♣
....♣.♣...8.. ♣.♣ ♣ .P


You could see an adder, a quokka and a bat.

Vanquished Creatures
  An adder (D:2)
  3 ball pythons (D:1)
  3 endoplasms (D:1)
  2 goblins (D:1)
  A hobgoblin (D:1)
  2 quokkas (D:2)
  2 bats (D:1)
  2 kobolds
  A rat (D:1)
17 creatures vanquished.

Notes
Turn   | Place    | Note
-------+----------+-------------------------------------------
     0 | D:1      | g2d2rocker the Oni Berserker began the quest for the Orb.
     0 | D:1      | Reached XP level 1. HP: 24/24 MP: 1/1
   133 | D:1      | Reached XP level 2. HP: 32/32 MP: 2/2
  1254 | D:2      | Reached XP level 3. HP: 19/40 MP: 3/3
  1354 | D:2      | Found an iron altar of Okawaru.
  1374 | D:2      | HP: 2/40 [quokka (1)]
  1374 | D:2      | Slain by an adder

Illustrated notes

Levels and vault maps discovered:
D:1:      psy_arrival_dodecagon, layout_basic, serial_co_window_serial,
          co_window_of_opportunity_a, co_window_of_opportunity_a,
          co_window_paths_a, co_window_paths_a, co_window_corner_a,
          co_window_of_opportunity_a, co_window_corner_a, co_window_paths_c,
          co_window_2corner, co_window_broadway_c, co_window_corner_b,
          glass_columns_c, glass_columns_c, glass_columns_b, glass_columns_c,
          skrybe_limestone_x
D:2:      wad_woods_stonehenge, layout_basic, hex_tiny, kennysheep_minor_cross

Skill      XL: |  1  2 |
---------------+-------+-----
Dodging        | 3 |  3.1
Fighting       | |  4.6
Polearms       | |  3.3
Stealth        | |  0.1

Action                     || total
---------------------------++-------
  Melee: Spear             ||    80
         Headbutt          ||    13
  Throw: Stone             ||     1
 Armour: Animal skin       ||    54
  Dodge: Dodged            ||    42
